 Dungeon Crawl Stone Soup version 0.25-a0-661-g55ea3d2053 (webtiles) character file.

Game seed: 1125821891945752572, levelgen mode: deterministic

1040 Chromatus the Chopper (level 8, -3/62 HPs)
             Began as a Demonspawn Fighter on Mar 23, 2020.
             Was an Initiate of Qazlal.
             Killed from afar by an orc wizard (10 damage)
             ... with a puff of flame
             ... on level 5 of the Dungeon.
             The game lasted 00:24:27 (5661 turns).

Chromatus the Chopper (Demonspawn Fighter)          Turns: 5661, Time: 00:24:27

Health: -3/62      AC:  0    Str: 18    XL:     8   Next: 4%
Magic:  9/9        EV: 13    Int: 10    God:    Qazlal [......]
Gold:   377        SH:  0    Dex: 13    Spells: 7/7 levels left

rFire    . . .     SeeInvis .   (weapon currently unavailable)
rCold    . . .     Gourm    .   (shield currently unavailable)
rNeg     . . .     Faith    .   (armour currently unavailable)
rPois    .         Spirit   .   (helmet currently unavailable)
rElec    .         Reflect  .   (cloak currently unavailable)
rCorr    .         Harm     .   (gloves currently unavailable)
MR       .....                  (boots currently unavailable)
Stlth    +.........             (no amulet)
HPRegen  0.20/turn              (ring currently unavailable)
MPRegen  0.11/turn              (ring currently unavailable)

@: mighty, pig-form, very quick
A: small
a: Renounce Religion


You were on level 5 of the Dungeon.
You worshipped Qazlal.
Qazlal was noncommittal.
You were not hungry.
You were a filthy swine.
You visited 2 branches of the dungeon, and saw 6 of its levels.
You also visited: Sewer.

You collected 377 gold pieces.

Inventory:

Hand Weapons
 a - a +0 war axe (melded)
 b - a +2 dagger of draining
   (You took it off a goblin on level 1 of the Dungeon)
Missiles
 w - 2 boomerangs of dispersal (quivered) {!f}
 y - a throwing net {!f}
Armour
 c - a +0 kite shield (melded)
 l - a +0 pair of gloves (melded)
   (You found it on level 2 of the Dungeon)
 r - a +0 plate armour (melded)
   (You found it on level 3 of the Dungeon)
 A - the +1 ring mail "Veadwycu" {rF+ rC++ Dex-5 Stlth+, unknown}
   (You found it on level 4 of the Dungeon)

   It affects your dexterity (-5).
   It protects you from fire.
   It greatly protects you from cold.
   It makes you more stealthy.
Jewellery
 o - a ring of poison resistance (melded)
   (You found it on level 2 of the Dungeon)
Wands
 d - a wand of iceblast (7)
   (You found it on level 5 of the Dungeon)
Scrolls
 h - 3 scrolls of fear {unknown}
 i - 7 scrolls of identify {unknown}
 j - a scroll of immolation {unknown}
 k - 2 scrolls of teleportation {unknown}
 m - a scroll of magic mapping {unknown}
 p - a scroll of amnesia {unknown}
 u - a scroll of fog {unknown}
 v - a scroll of enchant weapon {unknown}
Potions
 f - 3 potions of curing {unknown}
 g - a potion of cancellation {unknown}
 n - 2 potions of lignification {unknown}
 q - 2 potions of degeneration {unknown}
 s - 2 potions of brilliance {unknown}
 t - 2 potions of magic {unknown}
 x - 2 potions of mutation {unknown}
 B - 3 potions of might
Comestibles
 e - 15 rations {!d}


   Skills:
 + Level 5.1 Fighting
 * Level 5.6 Axes
 + Level 4.6 Armour
 + Level 4.5 Shields
 + Level 1.6 Invocations


You had 7 spell levels left.
You didn't know any spells.
Your spell library contained the following spells:

 Spells                   Type           Power        Failure   Level  Hunger
 Animate Skeleton         Necr           N/A          36%         1    ##.....
 Apportation              Tloc           #.....       36%         1    ##.....
 Corona                   Hex            #......      36%         1    ##.....
 Summon Small Mammal      Summ           #...         36%         1    ##.....
 Ensorcelled Hibernation  Hex/Ice        #.....       50%         2    ###....
 Confusing Touch          Hex            #.......     75%         3    ####...
 Dazzling Flash           Conj/Hex       #.....       75%         3    ####...
 Tukima's Dance           Hex            #.......     75%         3    ####...


Dungeon Overview and Level Annotations

Branches:
Dungeon (5/15)             Temple (1/1) D:4           Sewer (visited)

Altars:
Ashenzari
Cheibriados
Elyvilon
Fedhas
Gozag
Hepliaklqana
Makhleb
Okawaru
Qazlal
Ru
Sif Muna
Trog
Uskayaw
Vehumet
Wu Jian
Xom
Yredelemnul
Zin
The Shining One


Innate Abilities, Weirdness & Mutations

((You have hoof-like feet.))
((You are mostly covered in large bone plates. (SH +6)))


Message History

Your +0 plate armour unmelds from your body.
You block the orc wizard's attack. x2
The orc wizard hits you but does no damage.
Okay, then.
You barely miss the orc wizard. Your kick misses the orc wizard.
The orc wizard hits you but does no damage.
The orc wizard zaps a wand.
You resist with some effort.
Okay, then.
Okay, then.
You feel very mighty all of a sudden.
The orc wizard zaps a wand.
You resist with some effort.
The orc wizard zaps a wand.
You resist with some effort.
You miss the orc wizard. You block the orc wizard's attack.
The orc wizard zaps a wand.
You turn into a filthy swine.
Your +0 war axe melds into your body.
Your +0 pair of gloves melds into your body.
Your +0 kite shield melds into your body.
Your +0 plate armour melds into your body.
Your ring of poison resistance melds into your body.
You bite the orc wizard! The orc wizard misses you.
You miss the orc wizard.
The orc wizard hits you with a +0 dagger.
You hit the orc wizard. The orc wizard barely misses you.
You closely miss the orc wizard.
The orc wizard points at you and mumbles some strange words.
The puff of frost hits you!
* * * LOW HITPOINT WARNING * * *
The orc wizard barely misses you.
You hit the orc wizard.
The orc wizard mumbles some strange words.
The orc wizard flickers and vanishes!
Deactivating autopickup; reactivate with Ctrl-A.
Unknown command.
Something hits you.
* * * LOW HITPOINT WARNING * * *
Things that are here:
a +0 whip; a gnoll skeleton You hear a zap.
Something tries to affect you, but you resist.
You see here a +0 spear.
Unknown command.
A magic dart appears from out of thin air!
The magic dart hits you!
* * * LOW HITPOINT WARNING * * *
A puff of flame appears from out of thin air!
The puff of flame hits you!
You die...

..# ##.# ..# #... #..## #.#.
#..##...#. #...).####
#############.###...#.
#.............#####.#. ##+
######...........<.....
..##.# #h..####.....###..
....# ##)## #.....# ### #..#
#)#####.....####
.##.##..#####.##...).......#
........oo...o.............##
...!###########......_......#
# ##.............
#...........## ####.....####


You could see an orc.

Vanquished Creatures
  An ice beast (D:5)
  5 big kobolds (D:3)
  2 hounds
  A jelly (D:5)
  An orc priest (D:3)
  An iguana (D:4)
  An orc wizard (D:3)
  3 worker ants
  8 adders
  10 gnolls
  A shadow imp (D:5)
  An ooze (D:1)
  A worm (D:5)
  A dart slug (D:3)
  7 leopard geckos
  13 orcs
  10 bats
  6 giant cockroaches
  12 goblins
  10 hobgoblins
  14 jackals
  2 quokkas
  A ball python (Sewer)
  6 frilled lizards
  50 kobolds
  4 rats
  5 plants (Sewer)
177 creatures vanquished.

Notes
Turn   | Place    | Note
-------+----------+-------------------------------------------
     0 | D:1      | Chromatus the Demonspawn Fighter began the quest for the
                  | Orb.
     0 | D:1      | Reached XP level 1. HP: 18/18 MP: 1/1
   193 | D:1      | Gained mutation: You are partially covered in large bone
                  | plates. (SH +4) [demonic ancestry]
   193 | D:1      | Reached XP level 2. HP: 20/24 MP: 2/2
   222 | D:1      | You fall into a shaft and drop 1 floor!
   529 | D:1      | Gained mutation: You have large cloven feet. [demonic
                  | ancestry]
   529 | D:1      | Reached XP level 3. HP: 29/29 MP: 3/3
   851 | D:2      | Found a blossoming altar of Fedhas.
  1429 | D:3      | Found a glowing drain.
  1454 | D:2      | Gained mutation: You are mostly covered in large bone
                  | plates. (SH +6) [demonic ancestry]
  1454 | D:2      | Reached XP level 4. HP: 13/35 MP: 4/4
  1949 | Sewer    | Entered a sewer
  2444 | Sewer    | Reached XP level 5. HP: 42/42 MP: 5/5
  3157 | D:3      | Found a faded altar of an unknown god.
  3287 | D:3      | Gained mutation: You have hoof-like feet. [demonic
                  | ancestry]
  3287 | D:3      | Reached XP level 6. HP: 48/48 MP: 6/6
  3424 | D:3      | Reached XP level 7. HP: 45/55 MP: 7/7
  4091 | D:4      | Found a glowing silver altar of Zin.
  4148 | D:4      | Reached skill level 5 in Axes
  4157 | D:4      | Found a hazy altar of Hepliaklqana.
  4349 | D:4      | Found a staircase to the Ecumenical Temple.
  4359 | Temple   | Entered the Ecumenical Temple
  4620 | Temple   | Became a worshipper of Qazlal Stormbringer
  4874 | D:4      | Found an opulent altar of Gozag.
  4878 | D:4      | Got a slimy ring mail
  5152 | D:5      | Entered Level 5 of the Dungeon
  5202 | D:5      | Found a shattered altar of Ashenzari.
  5241 | D:5      | Found a basalt altar of Yredelemnul.
  5291 | D:5      | Found a snail-covered altar of Cheibriados.
  5352 | D:5      | Reached skill level 5 in Fighting
  5352 | D:5      | Reached skill level 1 in Invocations
  5586 | D:5      | Reached XP level 8. HP: 42/62 MP: 7/9
  5661 | D:5      | Killed from afar by an orc wizard

Levels and vault maps discovered:
D:1:      ebering_trefoil_3fold, layout_basic
D:2:      layout_basic, supply_closet_lemuel, fedhas_altar_3
D:3:      minmay_goblin_kobold_castle, layout_rooms,
          chequers_ecumenical_altar_simple_redux, first_ration,
          portal_sewer_entry_f, kennysheep_generic_room_7
D:4:      layout_loops_ring, old_standard_altar, nicolae_overflow_hidden_temple,
          lemuel_crystal_altar, temple_pool_b, st_stairs_7
D:5:      layout_loops_ring, marbit_many_paths, nicolae_overflow_crystal_walls,
          kennysheep_little_box, slow_altar_1, minmay_misc_feat_plants,
          cheibrodos_ashenzari_chains
Temple:   oiseaux_autumnal_temple

Skill      XL: |  1  2  3  4  5  6  7 |
---------------+----------------------+-----
Axes           | 2 3 4 5 |  5.6
Armour         | 3 4 |  4.6
Shields        | 3 4 |  4.5
Fighting       | 4 5 |  5.1
Invocations    | 1 |  1.6

Action                   |  1- 3 |  4- 6 |  7- 9 || total
-------------------------+-------+-------+-------++-------
Melee: War axe           |    93 |   313 |   193 ||   599
       Dagger            |    13 |       |       ||    13
       Kick              |    10 |   102 |    54 ||   166
       Unarmed           |       |       |     5 ||     5
  Use: Potion            |       |       |     1 ||     1
  Eat: Chunk             |     1 |     8 |     8 ||    17
Armor: Scale mail        |    57 |    54 |       ||   111
       Plate armour      |       |    50 |    94 ||   144
       Skin              |       |       |     5 ||     5
Dodge: Dodged            |    34 |    31 |    30 ||    95
Block: Kite shield       |    92 |   220 |   196 ||   508

Table legend:
 A = Non-vault XP
 B = Vault XP
 C = Vault XP percentage of total XP
 D = Non-vault monster count
 E = Vault monster count
 F = Vault count percentage of total count
                 A         B        C        D         E       F
            +---------+---------+-------+---------+---------+-------
      Total |     771 |     716 |  48.2 |      91 |      81 |  47.1
            +---------+---------+-------+---------+---------+-------
        D:1 |      50 |       0 |   0.0 |      25 |       0 |   0.0
        D:2 |      17 |       0 |   0.0 |       8 |       0 |   0.0
        D:3 |     207 |     611 |  74.7 |      33 |      57 |  63.3
        D:4 |     177 |      43 |  19.5 |      15 |       1 |   6.2
        D:5 |     320 |       5 |   1.5 |      10 |       1 |   9.1
      Sewer |       0 |      57 | 100.0 |       0 |      22 | 100.0
            +---------+---------+-------+---------+---------+-------
